AoeStats
← BSHammer

Arena

509814258Analyzed
4v4 RM · 5d ago on Sep 28, 2026· 43m 34s· 8 players
Game mode
Random Map
Map size
Large (8 player)
Population
200
Speed
Normal
Resources
Standard
Victory
Conquest
Starting age
Dark Age
Ending age
Imperial Age
RankedLock teamsTeams togetherTeam positionsShared explorationLock speedFull tech treeHidden civsTurbo modeCheats
Victory
Defeat
🇨🇳 Byzantines · China
1525
+16
🇨🇳 Varangians · China
1512
+17
🇧🇷 Khmer · Brazil
1485
+18
🇨🇳 Danes · China
1390
+22
🇺🇸 Saracens · United States
1547
-19
🇺🇸 Slavs · United States
1543
-19
🇺🇸 Danes · United States
1529
-18
🇺🇸 Danes · United States
1492
-17
shenxu
6:42 Loom
10:33 Feudal Age
14:05 Castle Age
12:15 Double-Bit Axe
12:30 Horse Collar
15:10 Bow Saw
15:13 Gold Mining
20:41 Sanctity
21:20 Fervor
22:32 Loom
30:02 Guard Tower
30:03 Fletching
33:40 Bodkin Arrow
42:02 Imperial Age
40:31 Scale Barding Armor
40:28 Heavy Plow
41:06 Gold Shaft Mining
42:27 Elite Cataphract
43:37 Conscription
44:36 Wheelbarrow
PoopMaster
1:04 Loom
11:19 Feudal Age
15:04 Castle Age
13:07 Double-Bit Axe
13:18 Horse Collar
雕牌洗衣粉
9:44 Feudal Age
13:39 Castle Age
12:05 Double-Bit Axe
12:53 Horse Collar
15:29 Bow Saw
22:01 Wheelbarrow
22:34 Heavy Plow
22:45 Gold Mining
27:33 Imperial Age
25:23 Scale Mail Armor
25:02 Hamask
26:05 Squires
27:17 Chain Mail Armor
27:35 Hand Cart
27:45 Elite Varangian Guard
29:01 Forging
36:55 Arson
38:30 Conscription
40:01 Plate Mail Armor
40:20 Hand Cart
39:51 Loom
42:17 Iron Casting
42:22 Gold Shaft Mining
43:57 Blast Furnace
虚弱
10:08 Feudal Age
13:49 Castle Age
12:12 Double-Bit Axe
12:38 Horse Collar
15:01 Bow Saw
22:08 Wheelbarrow
28:58 Imperial Age
26:14 Loom
26:16 Town Watch
27:08 Hand Cart
27:17 Scale Barding Armor
27:49 Forging
27:29 Vendel Legacy
29:10 Chain Barding Armor
29:26 Iron Casting
29:38 Husbandry
29:49 Bloodlines
30:04 Conscription
29:32 Cavalier
31:24 Plate Barding Armor
32:08 Blast Furnace
31:24 Gold Mining
32:54 Two-Man Saw
32:42 Coinage
32:15 Heavy Plow
32:22 Light Cavalry
32:59 Treadmill Crane
33:04 Hussar
34:57 Crop Rotation
35:01 Banking
35:55 Guilds
36:30 Ballistics
35:51 Gothikon
36:38 Fletching
36:45 Murder Holes
38:04 Chemistry
37:18 Bodkin Arrow
37:51 Siege Engineers
37:57 Masonry
37:59 Stone Mining
39:38 Bracer
39:38 Padded Archer Armor
40:08 Fortified Wall
40:41 Stone Shaft Mining
40:33 Elite Jarl
41:34 Leather Archer Armor
40:42 Cranequins
42:46 Ring Archer Armor
43:37 Scale Mail Armor
43:43 Arson
43:59 Squires
43:44 Gambesons
43:21 Elite Varangian Guard
Lucas Ducas
8:53 Feudal Age
12:58 Double-Bit Axe
13:14 Gold Mining
20:08 Loom
21:05 Horse Collar
25:58 Wheelbarrow
32:28 Forging
33:36 Scale Barding Armor
36:57 Castle Age
35:29 Town Watch
35:59 Bloodlines
38:01 Chain Barding Armor
38:17 Iron Casting
38:06 Hand Cart
38:01 Bow Saw
38:34 Gold Shaft Mining
37:29 Light Cavalry
38:12 Husbandry
40:53 Fortified Wall
41:37 Masonry
Harristotle
9:37 Feudal Age
13:35 Castle Age
11:40 Scale Mail Armor
11:50 Forging
12:21 Stone Mining
14:39 Chain Mail Armor
14:29 Fletching
15:56 Iron Casting
17:25 Arson
25:29 Squires
26:15 Wheelbarrow
27:43 Hamask
28:09 Man-at-Arms
28:34 Gambesons
29:31 Long Swordsman
31:52 Bodkin Arrow
36:27 Double-Bit Axe
42:58 Loom
koriko9397
8:45 Feudal Age
9:16 Horse Collar
9:23 Double-Bit Axe
30:08 Wheelbarrow
34:57 Castle Age
35:04 Scale Mail Armor
35:14 Forging
35:01 Pikeman
36:09 Bow Saw
36:52 Heavy Plow
37:33 Chain Mail Armor
37:53 Iron Casting
45:00 Imperial Age
42:17 Loom
42:50 Man-at-Arms
43:31 Squires
43:49 Masonry
43:50 Fortified Wall
BSHammer
8:48 Feudal Age
9:24 Loom
12:50 Castle Age
22:53 Scale Mail Armor
23:12 Devotion
25:32 Squires
27:47 Hamask
29:37 Husbandry
30:42 Chain Mail Armor
33:24 Forging
Connection lost

Rejoining the realm…

Still unreachable

The connection could not be restored.

Session expired

The server has moved on; the page needs a fresh start.